 Dungeon Crawl Stone Soup version 0.29-a0-824-gd827844252 (webtiles) character file.

Game seed: 15465891671696707098

1 LynnLen the Vexing (level 1, 11/13 HPs)
             Began as a Vampire Enchanter on July 10, 2022.
             Quit the game on level 1 of the Dungeon.
             The game lasted 00:01:04 (84 turns).

LynnLen the Vexing (Vampire Enchanter)                Turns: 84, Time: 00:01:05

Health: 11/13      AC:  2    Str:  7    XL:     1   Next: 16%
Magic:  3/3        EV: 12    Int: 17    God:
Gold:   10         SH:  0    Dex: 14    Spells: 4/4 levels left

rFire   . . .      SeeInvis +   a - +1 dagger
rCold   . . .      Faith    .   (no shield)
rNeg    . . .      Spirit   .   b - +0 robe
rPois   .          Reflect  .   (no helmet)
rElec   .          Harm     .   (no cloak)
rCorr   .          Rampage  .   (no gloves)
Will    .....                   (no boots)
Stlth   +++.......              (no amulet)
HPRegen 0.24/turn               (no ring)
MPRegen 0.08/turn               (no ring)

@: healing quickly
A: alive, fangs 3, see invisible, vampiric 1
a: Exsanguinate


You were on level 1 of the Dungeon.
You visited 1 branch of the dungeon, and saw 1 of its levels.

You collected 10 gold pieces.

Inventory:

Hand Weapons
 a - a +1 dagger (weapon)
Armour
 b - a +0 robe (worn)
Potions
 c - 2 potions of invisibility


   Skills:
 - Level 1.3 Short Blades
 - Level 2.1 Dodging
 - Level 4.4 Stealth
 - Level 2.0 Spellcasting
 - Level 4.4 Hexes


You had 4 spell levels left.
You didn't know any spells.
Your spell library contained the following spells:

 Spells                   Type           Power      Damage    Failure   Level
 Confusing Touch          Hex            16%        N/A       10%         3
 Tukima's Dance           Hex            16%        N/A       10%         3
 Ensorcelled Hibernation  Hex/Ice        18%        N/A       12%         2
 Dazzling Flash           Conj/Hex       18%        N/A       24%         3


Dungeon Overview and Level Annotations

Branches:
Dungeon (1/15)

Altars:


Innate Abilities, Weirdness & Mutations

Your natural rate of healing is accelerated.
You have razor-sharp teeth.
You have supernaturally acute eyesight. (SInv)
You are afflicted with vampirism.


Message History

The hobgoblin attacks as you move away! The hobgoblin barely misses you.
The hobgoblin attacks as you move away! The hobgoblin completely misses you.
The bat attacks as you move away! The bat barely misses you. x2
Found a club.
The bat closely misses you. The hobgoblin attacks as you move away!
The hobgoblin barely misses you. The bat attacks as you move away!
The bat barely misses you. The bat misses you. The bat misses you.
The hobgoblin attacks as you move away! The hobgoblin barely misses you.
The bat closely misses you. The bat hits you but does no damage.
The bat barely misses you. The hobgoblin attacks as you move away!
The hobgoblin barely misses you. The bat hits you but does no damage.
The hobgoblin attacks as you move away! The hobgoblin closely misses you.
The bat barely misses you. The hobgoblin attacks as you move away!
The hobgoblin barely misses you. The bat hits you but does no damage.
The bat attacks as you move away! The bat hits you but does no damage.
The bat barely misses you. The hobgoblin closely misses you.
The bat closely misses you. The bat attacks as you move away! The bat hits you.
The bat hits you but does no damage. The bat misses you.
The bat hits you but does no damage.
Found an emerald potion.
The bat hits you but does no damage. The bat attacks as you move away!
The bat hits you but does no damage. The bat misses you.
The bat closely misses you. The bat barely misses you.
The bat attacks as you move away! The bat hits you but does no damage.
The bat closely misses you. The bat barely misses you.
The bat attacks as you move away! The bat closely misses you.
The bat barely misses you. The bat hits you but does no damage.
You see here an emerald potion.
Found a scroll labelled OTUOPIS AMIGUY.
The bat closely misses you.
You see here a scroll labelled OTUOPIS AMIGUY.
The ball python hisses angrily.
The ball python bites you. The ball python barely misses you.
Are you sure you want to abandon this character and quit the game? (Confirm with "yes".)

############
.##....).#8..8..8.♣
......#
#.##.####.'[.......♣♣
......# #.##.#
#.'......<..♣
......#######.##?#
#.'.....(..♣♣
.###...........#.#
###8..8..8.♣ .#
#...........#.#
##......♣♣ .#
#.....).....#.#
##.....♣ .#
#...........#S#
##...♣♣ .#
##########.##@# #...♣
.# #.......##.# #...♣
#........#.#
#........#g#
#........#.#
###.####.#?# #. #.#.#
# #.#.# #.#.#


You could see a hobgoblin and a ball python.

Vanquished Creatures
  A goblin (D:1)
1 creature vanquished.

Notes
Turn   | Place    | Note
-------+----------+-------------------------------------------
     0 | D:1      | LynnLen the Vampire Enchanter began the quest for the Orb.
     0 | D:1      | Reached XP level 1. HP: 13/13 MP: 3/3
    84 | D:1      | Quit the game

Illustrated notes

Levels and vault maps discovered:
D:1:      kennysheep_arrival_forest, layout_basic,
          shapermc_ecumenical_altar_mp_vishouse

Action                   || total
-------------------------++-------
Melee: Dagger            ||     1
 Stab: Sleeping          ||     1
Armor: Robe              ||    13
Dodge: Dodged            ||    32

Table legend: (Time is in decaauts)
 A = Elapsed time spent in this place.
 B = Non-inter-level travel time spent in this place.
 C = Inter-level travel time spent in this place.
 D = Time resting spent in this place.
 E = Time spent auto-exploring this place.
 F = Levels seen in this place.
 G = Mean time per level.
                   A        B        C        D        E       F      G
               +--------+--------+--------+--------+--------+-----+--------+
         Total |     83 |     83 |      0 |      0 |      0 |   1 |   83.0 |
       Dungeon |     83 |     83 |      0 |      0 |      0 |   1 |   83.0 |
               +--------+--------+--------+--------+--------+-----+--------+

Top non-repeatable levels by time:
     D:1: 83 daAuts
